[Event "Titled Tuesday Blitz May 16 Late 2023"]
[White "Kim, Sergey"]
[Black "Bazeev, German"]
[WhiteFideId "13700570"]
[BlackFideId "24119350"]
[WhiteElo "2610"]
[BlackElo "2466"]
[Result "0-1"]
[Round "03"]
[TimeControl "180+2"]
[Date "2023.05.16"]
[WhiteClock "0:00:22"]
[BlackClock "0:00:52"]

1. d4 Nf6 2. c4 e6 3. Nc3 Bb4 4. Qc2 d5 5. a3 Be7 6. Nf3 O-O 7. Bf4 a6 8. e3 Nbd7 9. c5 Nh5 10. Bg3 c6 11. Bd3 f5 12. Be5 Nxe5 13. Nxe5 Nf6 14. f4 Nd7 15. Nf3 g5 16. h3 gxf4 17. exf4 Nf6 18. Ne5 Ne4 19. O-O-O Bf6 20. g4 Bxe5 21. fxe5 Qh4 22. gxf5 exf5 23. Rdg1+ Kh8 24. Qg2 Qh6+ 25. Kc2 Be6 26. Bxe4 dxe4 27. Qg5 Qxg5 28. Rxg5 e3 29. Kd3 f4 30. Ne4 Bf5 31. Rf1 Bxe4+ 32. Kxe4 e2 33. Re1 f3 0-1


[Site "https://www.chess.com"]

[Event "Titled Tuesday Blitz May 16 Late 2023"]
[White "Riehle, Marco"]
[Black "Poltorak, Sebastian"]
[WhiteFideId "12904392"]
[BlackFideId "1199498"]
[WhiteElo "2462"]
[BlackElo "2195"]
[Result "1-0"]
[Round "03"]
[TimeControl "180+2"]
[Date "2023.05.16"]
[WhiteClock "0:02:14"]
[BlackClock "0:01:40"]

1. e4 c6 2. c4 d5 3. cxd5 cxd5 4. exd5 Nf6 5. Nc3 Nxd5 6. Nf3 Nc6 7. Bb5 Nc7 8. Bxc6+ bxc6 9. Ne5 Bd7 10. Qf3 Be6 11. Qxc6+ Bd7 12. Qf3 Be6 13. O-O g6 14. d4 Bg7 15. Bf4 Nd5 16. Nc6 Qd7 17. Be5 O-O 18. Nxd5 Bxd5 19. Qxd5 Qxd5 20. Nxe7+ Kh8 21. Nxd5 Rfd8 22. Bxg7+ 1-0


[Site "https://www.chess.com"]

[Event "Titled Tuesday Blitz May 16 Late 2023"]
[White "Kleiman, Jake"]
[Black "Milikow, Yoav"]
[WhiteFideId "2020041"]
[BlackFideId "2822237"]
[WhiteElo "2574"]
[BlackElo "2410"]
[Result "0-1"]
[Round "03"]
[TimeControl "180+2"]
[Date "2023.05.16"]
[WhiteClock "0:00:03"]
[BlackClock "0:00:09"]

1. e4 e5 2. Nf3 Nf6 3. Nxe5 d6 4. Nf3 Nxe4 5. d4 d5 6. Bd3 Bd6 7. O-O O-O 8. c4 c6 9. Nc3 Nxc3 10. bxc3 dxc4 11. Bxc4 Bg4 12. h3 Bh5 13. Re1 Nd7 14. Rb1 Qc7 15. Bd3 Rfe8 16. Be3 Nf6 17. c4 Rad8 18. Rb3 b6 19. Bc2 Qc8 20. Bg5 Qa6 21. Bxf6 gxf6 22. Rbe3 Rxe3 23. Rxe3 Qxa2 24. Bd3 Bf8 25. Qe1 Bg6 26. Bf1 a5 27. Re8 Rxe8 28. Qxe8 a4 29. Qxc6 a3 30. d5 Qb1 31. d6 a2 32. d7 a1=Q 33. Nd2 Qd3 34. Qc7 Qxd2 35. d8=Q Qxd8 36. Qxd8 Qe5 37. g3 Kg7 38. h4 Bc5 39. Qd2 Qxg3+ 0-1


[Site "https://www.chess.com"]

[Event "Titled Tuesday Blitz May 16 Late 2023"]
[White "Karttunen, Mika"]
[Black "Sieciechowicz, Marcin"]
[WhiteFideId "502081"]
[BlackFideId "1130170"]
[WhiteElo "2396"]
[BlackElo "2302"]
[Result "0-1"]
[Round "03"]
[TimeControl "180+2"]
[Date "2023.05.16"]
[WhiteClock "0:00:32"]
[BlackClock "0:01:08"]

1. c4 c6 2. Nc3 d5 3. e3 Nf6 4. Nf3 e6 5. Qc2 Nbd7 6. b3 Bd6 7. Bb2 Qe7 8. d4 O-O 9. Be2 b6 10. O-O Bb7 11. cxd5 exd5 12. Nh4 g6 13. Nf3 Rac8 14. Bd3 c5 15. Qe2 Ne4 16. Ba6 cxd4 17. Bxb7 dxc3 18. Bxc8 cxb2 19. Qxb2 Rxc8 20. Rac1 Rxc1 21. Qxc1 Ne5 22. Nxe5 Qxe5 23. Qc8+ Kg7 24. g3 d4 25. exd4 Qxd4 26. Qb7 Bc5 27. Kg2 Nd2 28. Rc1 Qxf2+ 0-1


[Site "https://www.chess.com"]

[Event "Titled Tuesday Blitz May 16 Late 2023"]
[White "Kushko, Dmitriy"]
[Black "Erzhanov, Arman"]
[WhiteFideId "14162261"]
[BlackFideId "4138821"]
[WhiteElo "2230"]
[BlackElo "2138"]
[Result "1-0"]
[Round "03"]
[TimeControl "180+2"]
[Date "2023.05.16"]
[WhiteClock "0:00:43"]
[BlackClock "0:01:14"]

1. d4 d6 2. e4 Nf6 3. Bd3 e5 4. Nf3 Nbd7 5. c3 Be7 6. O-O O-O 7. Re1 Re8 8. Nbd2 Bf8 9. Nf1 c6 10. Ng3 g6 11. Bg5 h6 12. Bd2 Bg7 13. a4 b6 14. b4 Bb7 15. a5 d5 16. dxe5 Nxe5 17. Nxe5 Rxe5 18. f4 Re8 19. e5 Nd7 20. e6 Rxe6 21. Rxe6 fxe6 22. Bxg6 Nf8 23. Bd3 c5 24. Qg4 cxb4 25. f5 bxc3 26. Nh5 Qe7 27. f6 Qf7 28. Bxh6 c2 29. Bxg7 Rc8 30. Rc1 Rc3 31. Bh6+ Kh8 32. Qg7+ Qxg7 33. fxg7+ Kg8 34. gxf8=Q# 1-0


[Site "https://www.chess.com"]

[Event "Titled Tuesday Blitz May 16 Late 2023"]
[White "Tanenbaum, Zachary"]
[Black "Roebers, Eline"]
[WhiteFideId "2060850"]
[BlackFideId "1058401"]
[WhiteElo "2175"]
[BlackElo "2531"]
[Result "1-0"]
[Round "03"]
[TimeControl "180+2"]
[Date "2023.05.16"]
[WhiteClock "0:01:38"]
[BlackClock "0:01:10"]

1. e4 c5 2. Nf3 e6 3. d4 cxd4 4. Nxd4 Nf6 5. Nc3 Nc6 6. Ndb5 Bc5 7. Nd6+ Ke7 8. Bf4 e5 9. Nf5+ Kf8 10. Bg5 d6 11. Bc4 h6 12. Bxf6 Qxf6 13. Nd5 Qd8 14. O-O Be6 15. c3 Rc8 16. b4 Bb6 17. Nxb6 Qxb6 18. Qxd6+ Kg8 19. Bxe6 fxe6 20. Qxe6+ Kh7 21. Nd6 Rcf8 22. Nf7 Nd8 23. Qxb6 axb6 24. Nxe5 Re8 25. f4 g5 26. g3 gxf4 27. gxf4 Rhg8+ 28. Kh1 Rgf8 29. Rad1 Ne6 30. Rd7+ 1-0


[Site "https://www.chess.com"]

[Event "Titled Tuesday Blitz May 16 Late 2023"]
[White "Fan_Of_Chucky"]
[Black "Vakhlamov, Igor L."]
[BlackFideId "24126748"]
[WhiteElo "2442"]
[BlackElo "2407"]
[Result "1/2-1/2"]
[Round "03"]
[TimeControl "180+2"]
[Date "2023.05.16"]
[WhiteClock "0:00:04"]
[BlackClock "0:00:16"]

1. d4 d5 2. c4 e6 3. Nf3 Nf6 4. g3 c5 5. cxd5 cxd4 6. dxe6 Bxe6 7. Qxd4 Nc6 8. Qxd8+ Rxd8 9. a3 g6 10. Bd2 Ne4 11. Bc3 Nxc3 12. Nxc3 Bg7 13. Bg2 O-O 14. O-O Bc4 15. Rfe1 Na5 16. Bf1 Rc8 17. Rac1 Nb3 18. Rc2 Rfd8 19. Rd1 Re8 20. Nd2 Be6 21. Nde4 Bf5 22. f3 Bxe4 23. fxe4 Bxc3 24. Rxc3 Rxc3 25. bxc3 Rxe4 26. Bg2 Re7 27. e4 b6 28. Rd8+ Kg7 29. Ra8 Na5 30. Kf2 Nc4 31. a4 Nb2 32. a5 bxa5 33. Rb8 Nc4 34. Rb5 Rc7 35. Bf1 a4 36. Rb4 Nb6 37. c4 a3 38. Rb3 Nxc4 39. Bxc4 Rxc4 40. Rxa3 Rc2+ 41. Kf3 Rc7 42. Ra6 h5 43. Kf4 Kf8 44. Kg5 Kg7 45. g4 hxg4 46. Kxg4 Re7 47. Kf4 Kf8 48. Kg5 Ke8 49. Kf6 Rb7 50. e5 Rb6+ 51. Rxb6 axb6 52. e6 fxe6 53. Kxe6 g5 54. Kd6 Kf7 55. Kc6 Ke6 56. Kxb6 Kf5 57. Kc5 Kg4 58. Kd4 Kh3 59. Ke4 Kxh2 60. Kf5 g4 61. Kxg4 1/2-1/2


[Site "https://www.chess.com"]

[Event "Titled Tuesday Blitz May 16 Late 2023"]
[White "De La Colina, Nicolas"]
[Black "Kostiukov, Alexandr"]
[WhiteFideId "30946921"]
[BlackFideId "14108100"]
[WhiteElo "2046"]
[BlackElo "2202"]
[Result "1-0"]
[Round "03"]
[TimeControl "180+2"]
[Date "2023.05.16"]
[WhiteClock "0:00:53"]
[BlackClock "0:00:00"]

1. e4 c5 2. Nf3 g6 3. Bc4 Bg7 4. c3 e6 5. d4 cxd4 6. Nxd4 d5 7. exd5 exd5 8. Bb5+ Bd7 9. O-O Ne7 10. Re1 O-O 11. Bxd7 Qxd7 12. Bg5 Nbc6 13. Nb3 h6 14. Bf4 Rad8 15. Be3 Nf5 16. Bc5 Rfe8 17. Rxe8+ Qxe8 18. Na3 b6 19. Bd4 Ncxd4 20. Nxd4 Nxd4 21. cxd4 Qe4 22. Nc2 Rc8 23. Nb4 Bxd4 24. Nd3 Bf6 25. h3 Kg7 26. Qb3 Qc4 27. Qa3 Qd4 28. Rd1 a5 29. Qb3 Qc4 30. Qxb6 Qc2 31. Rc1 Qxd3 32. Rxc8 Qd1+ 33. Kh2 Be5+ 34. g3 1-0


[Site "https://www.chess.com"]

[Event "Titled Tuesday Blitz May 16 Late 2023"]
[White "Sarana, Alexey"]
[Black "Gutkin, Ilya"]
[WhiteFideId "24133795"]
[BlackFideId "16203470"]
[WhiteElo "2714"]
[BlackElo "2265"]
[Result "1-0"]
[Round "03"]
[TimeControl "180+2"]
[Date "2023.05.16"]
[WhiteClock "0:01:41"]
[BlackClock "0:00:28"]

1. c4 c5 2. Nf3 g6 3. d4 cxd4 4. Nxd4 Nc6 5. e4 Nf6 6. Nc3 d6 7. Be2 Bg7 8. Be3 O-O 9. O-O Nxd4 10. Bxd4 Bd7 11. Re1 Bc6 12. Bf1 a5 13. b3 Nd7 14. Bxg7 Kxg7 15. Qd2 Nc5 16. Re3 h5 17. Rd1 Qc7 18. Qd4+ Kg8 19. Rg3 Rad8 20. f4 e5 21. fxe5 Ne6 22. exd6 Nxd4 23. dxc7 Rd7 24. Rgd3 1-0


[Site "https://www.chess.com"]

[Event "Titled Tuesday Blitz May 16 Late 2023"]
[White "Perske, Thore"]
[Black "Lazavik, Denis"]
[WhiteFideId "12902195"]
[BlackFideId "13515110"]
[WhiteElo "2336"]
[BlackElo "2560"]
[Result "1-0"]
[Round "03"]
[TimeControl "180+2"]
[Date "2023.05.16"]
[WhiteClock "0:00:11"]
[BlackClock "0:00:09"]

1. d4 Nf6 2. g3 d5 3. Bg2 c6 4. Nf3 Bf5 5. c4 e6 6. Nc3 Nbd7 7. Nh4 dxc4 8. Nxf5 exf5 9. d5 cxd5 10. Nxd5 Nxd5 11. Qxd5 Bb4+ 12. Kf1 O-O 13. Qxc4 Qe7 14. Bf4 Nb6 15. Qb5 g6 16. h4 h5 17. Bf3 Bd6 18. Bg5 Qe6 19. Kg2 Rab8 20. Rhd1 Be5 21. Rac1 Bg7 22. b3 a6 23. Qd3 Bf6 24. Qd6 Qxd6 25. Rxd6 Bxg5 26. hxg5 Na8 27. Rd7 b5 28. Rc6 Rb6 29. Rxb6 Nxb6 30. Ra7 Rb8 31. Rxa6 Kf8 32. Ra7 Nc8 33. Rc7 Ne7 34. a4 bxa4 35. bxa4 Rb4 36. a5 Ra4 37. Ra7 Ke8 38. a6 Kd8 39. Ra8+ Kc7 40. a7 Nc8 41. Rxc8+ 1-0


[Site "https://www.chess.com"]

[Event "Titled Tuesday Blitz May 16 Late 2023"]
[White "WindWhistler11"]
[Black "Zhigalko, Sergei"]
[BlackFideId "13502956"]
[WhiteElo "2512"]
[BlackElo "2626"]
[Result "0-1"]
[Round "03"]
[TimeControl "180+2"]
[Date "2023.05.16"]
[WhiteClock "0:00:13"]
[BlackClock "0:00:07"]

1. Nf3 d5 2. c4 d4 3. e3 Nc6 4. a3 e5 5. d3 a5 6. exd4 exd4 7. Be2 Nf6 8. O-O Be7 9. Re1 O-O 10. Nbd2 Bf5 11. Nf1 h6 12. Ng3 Bh7 13. Bf1 Nd7 14. Nd2 Re8 15. Nde4 a4 16. Rb1 f5 17. Nd2 Nc5 18. Nf3 Bd6 19. Rxe8+ Qxe8 20. Bd2 Nb3 21. Qc2 Qd7 22. Re1 Re8 23. Qd1 Nb8 24. Bb4 c5 25. Bd2 Nc6 26. Nh5 Qf7 27. Nf4 Rxe1 28. Qxe1 Ne7 29. Ne5 Bxe5 30. Qxe5 Nxd2 31. Qxc5 Nc6 32. Be2 g5 33. Nd5 Qe6 34. Nf6+ Qxf6 35. Qd5+ Qf7 36. Qd6 Qe7 37. Qxe7 Nxe7 38. Bd1 Nb3 39. Bxb3 axb3 40. Kf1 f4 41. Ke2 b6 42. g3 Kf7 43. gxf4 gxf4 44. a4 Nc6 45. Kd2 Nb4 46. Ke2 Bxd3+ 47. Kf3 Bxc4 48. Kxf4 Ke6 49. Ke4 d3 50. Ke3 Nc2+ 51. Kd2 Kf5 52. a5 bxa5 53. Kc3 a4 54. Kxc4 d2 55. Kb5 d1=Q 56. Kxa4 Qd4+ 57. Kxb3 Ne1 58. Ka2 Qd3 59. f3 Nc2 60. h4 Nb4+ 61. Ka1 Qf1# 0-1


[Site "https://www.chess.com"]

[Event "Titled Tuesday Blitz May 16 Late 2023"]
[White "Paravyan, David"]
[Black "Sliwicki, Damian"]
[WhiteFideId "4194985"]
[BlackFideId "1127128"]
[WhiteElo "2563"]
[BlackElo "2030"]
[Result "1-0"]
[Round "03"]
[TimeControl "180+2"]
[Date "2023.05.16"]
[WhiteClock "0:02:07"]
[BlackClock "0:00:00"]

1. d4 Nf6 2. c4 e6 3. Nc3 Bb4 4. e3 O-O 5. Bd3 d5 6. a3 Bxc3+ 7. bxc3 b6 8. cxd5 exd5 9. Nf3 Ba6 10. Bxa6 Nxa6 11. Qd3 Qc8 12. O-O c5 13. Ne5 c4 14. Qc2 Nb8 15. a4 Nc6 16. Nxc6 Qxc6 17. a5 Ne4 18. f3 Nd6 19. Ba3 Rfe8 20. Bxd6 Qxd6 21. e4 Qf4 22. axb6 axb6 23. Rxa8 Qe3+ 24. Qf2 Qxf2+ 25. Kxf2 Rxa8 26. Rb1 dxe4 27. fxe4 Rb8 28. Rb5 Kf8 29. Ke3 Ke7 30. d5 Kd6 31. Kd4 Kc7 32. e5 Ra8 33. Rb2 Ra4 34. Rf2 f5 35. exf6 gxf6 36. Rxf6 Ra2 37. Rc6+ Kb7 38. Rh6 Rxg2 39. Rxh7+ Kc8 40. Kxc4 Rg5 41. h4 Re5 42. h5 Kb8 43. h6 Rh5 44. Kd4 Kc8 45. c4 Kb8 46. Rh8+ Kc7 47. h7 Kb7 48. d6 Rh6 49. Kc3 Rxd6 50. Rg8 1-0


[Site "https://www.chess.com"]

[Event "Titled Tuesday Blitz May 16 Late 2023"]
[White "Bilan, Danila"]
[Black "Matlakov, Maxim"]
[WhiteFideId "24161918"]
[BlackFideId "4168003"]
[WhiteElo "2182"]
[BlackElo "2666"]
[Result "0-1"]
[Round "03"]
[TimeControl "180+2"]
[Date "2023.05.16"]
[WhiteClock "0:00:35"]
[BlackClock "0:01:47"]

1. d4 Nf6 2. Nf3 e6 3. c4 b6 4. Nc3 Bb4 5. Bd2 Bb7 6. e3 c5 7. a3 Bxc3 8. Bxc3 Ne4 9. Qc2 O-O 10. Bd3 Nxc3 11. Qxc3 Bxf3 12. gxf3 cxd4 13. Qxd4 Nc6 14. Qd6 Qf6 15. O-O-O Qxf3 16. Rhg1 Rac8 17. Kb1 Qxf2 18. Rg3 Qf6 19. Rf1 Qe5 20. Qxd7 Rc7 21. Bxh7+ Kxh7 22. Qd3+ f5 0-1


[Site "https://www.chess.com"]

[Event "Titled Tuesday Blitz May 16 Late 2023"]
[White "Seletsky, Grigory"]
[Black "Pap, Gyula"]
[WhiteFideId "14112191"]
[BlackFideId "725323"]
[WhiteElo "2491"]
[BlackElo "2519"]
[Result "0-1"]
[Round "03"]
[TimeControl "180+2"]
[Date "2023.05.16"]
[WhiteClock "0:00:00"]
[BlackClock "0:00:11"]

1. e4 e5 2. Nf3 Nc6 3. Bb5 a6 4. Bxc6 dxc6 5. d3 f6 6. Be3 c5 7. Nbd2 Be6 8. Qe2 Qd7 9. O-O O-O-O 10. a3 g5 11. Rfb1 Qc6 12. Ne1 Ne7 13. b4 Ng6 14. bxc5 Nf4 15. Qd1 Bxc5 16. Nb3 Bb6 17. Qd2 f5 18. exf5 Bxf5 19. Na5 Bxa5 20. Qxa5 Rd5 21. Qb4 a5 22. Qe7 Qe6 23. Qxe6+ Nxe6 24. f3 b6 25. h3 h5 26. g4 Bg6 27. Ng2 Rd7 28. Re1 Rf7 29. Rf1 hxg4 30. hxg4 Rh3 31. Ne1 Rg3+ 32. Kh2 Rxg4 33. fxg4 Rxf1 34. Kg2 Rf8 35. Nf3 e4 36. Ne5 Be8 37. dxe4 Nf4+ 38. Kg3 Ne2+ 39. Kg2 Nc3 40. Bxg5 Nxe4 41. Be3 Ba4 42. Rc1 Nc3 43. g5 Re8 44. Bf4 Ne2 45. Re1 Nxf4+ 46. Kg3 Ng6 47. Kg4 Nxe5+ 48. Kf5 Bd7+ 49. Kf6 Rf8+ 50. Kg7 Rf5 51. g6 Nxg6 52. Kxg6 Rc5 53. Rc1 Bf5+ 54. Kf6 Bxc2 55. Ke7 b5 56. a4 b4 57. Re1 b3 58. Rg1 b2 59. Rg8+ Kb7 60. Rg1 b1=Q 61. Rg6 Bxg6 0-1


[Site "https://www.chess.com"]

[Event "Titled Tuesday Blitz May 16 Late 2023"]
[White "Antipov, Mikhail Al."]
[Black "Karas, Marek"]
[WhiteFideId "4107012"]
[BlackFideId "14928558"]
[WhiteElo "2513"]
[BlackElo "2233"]
[Result "1-0"]
[Round "03"]
[TimeControl "180+2"]
[Date "2023.05.16"]
[WhiteClock "0:00:05"]
[BlackClock "0:00:00"]

1. e4 e6 2. d4 d5 3. Nd2 a6 4. Ngf3 c5 5. exd5 exd5 6. Be2 Nf6 7. O-O Be7 8. dxc5 Bxc5 9. Nb3 Bb6 10. h3 O-O 11. Bd3 Ne4 12. c3 Nc6 13. Bf4 Qf6 14. Be3 Bxe3 15. fxe3 Qh6 16. Qe1 Bd7 17. Bxe4 dxe4 18. Nfd4 Ne5 19. Nc5 Bc6 20. Qg3 Rae8 21. Rad1 Nd3 22. Nxd3 exd3 23. Rxd3 Be4 24. Rd2 Bg6 25. Rf3 Be4 26. Rf4 Bg6 27. Rdf2 Qh5 28. Kh2 Qe5 29. R4f3 Qxg3+ 30. Rxg3 Re7 31. Re2 Rfe8 32. Kg1 Bd3 33. Re1 Bg6 34. Kf2 Rc7 35. Rg5 h6 36. Rd5 Be4 37. Rd6 Kf8 38. Rd1 Bg6 39. a3 Rce7 40. Re1 Rc7 41. Rb6 Be4 42. Rd1 Rd7 43. Rb4 Rde7 44. Rd2 Kg8 45. Nb3 Bc6 46. Re2 Bb5 47. Re1 Bc6 48. Na5 Be4 49. Rd4 f5 50. Nc4 Rf8 51. Nd6 Bc6 52. Red1 f4 53. exf4 g5 54. f5 Kg7 55. g4 Kf6 56. R1d2 h5 57. Nc4 hxg4 58. hxg4 Rh8 59. Rd6+ Kf7 60. Kg3 Rh1 61. Rg6 Rg1+ 62. Kh2 Rh1+ 63. Kg3 Rg1+ 64. Kf2 Rg2+ 65. Kf1 Rxg4 66. Nd6+ Kf8 67. Rf6+ Kg7 68. Rg6+ Kf8 69. Rh6 Rd7 70. f6 Kg8 71. f7+ Kg7 72. Rf6 Rf4+ 73. Rxf4 gxf4 74. Kf2 f3 75. Rd4 Kf8 76. c4 Ke7 77. c5 Rd8 78. b4 Rh8 79. Rd3 Rh2+ 80. Kg1 Rg2+ 81. Kf1 Bb5 82. Nxb5 axb5 83. f8=Q+ Kxf8 84. Rxf3+ Ke7 85. Kxg2 1-0


[Site "https://www.chess.com"]

[Event "Titled Tuesday Blitz May 16 Late 2023"]
[White "Kramnik, Vladimir"]
[Black "SereneSalmon"]
[WhiteFideId "4101588"]
[WhiteElo "2703"]
[BlackElo "2501"]
[Result "1-0"]
[Round "03"]
[TimeControl "180+2"]
[Date "2023.05.16"]
[WhiteClock "0:00:45"]
[BlackClock "0:00:00"]

1. e4 e6 2. d4 d5 3. exd5 exd5 4. Nf3 Bd6 5. c4 Nf6 6. Nc3 O-O 7. cxd5 Nbd7 8. Bg5 h6 9. Bh4 Re8+ 10. Be2 Nb6 11. O-O Bf8 12. Re1 Bf5 13. Qb3 g5 14. Bg3 Nfxd5 15. Ne5 Be6 16. Qc2 Nb4 17. Qd1 Bg7 18. Bf3 N4d5 19. h3 c6 20. Be4 Nxc3 21. bxc3 Nd7 22. Bc2 Nxe5 23. Bxe5 Qd7 24. Qd3 f5 25. Bxg7 Kxg7 26. Re5 Rf8 27. g4 Rae8 28. gxf5 Bg8 29. Rae1 Rxe5 30. dxe5 Qxd3 31. f6+ Kh8 32. Bxd3 Bxa2 33. c4 Bb3 34. e6 1-0


[Site "https://www.chess.com"]

[Event "Titled Tuesday Blitz May 16 Late 2023"]
[White "Sanchez Enriquez, Oscar Gerardo"]
[Black "Sattarov, Bobir"]
[WhiteFideId "5106311"]
[BlackFideId "14203081"]
[WhiteElo "2387"]
[BlackElo "2351"]
[Result "1-0"]
[Round "03"]
[TimeControl "180+2"]
[Date "2023.05.16"]
[WhiteClock "0:00:19"]
[BlackClock "0:00:08"]

1. d4 Nf6 2. Nc3 d5 3. Bf4 a6 4. e3 e6 5. g4 b5 6. g5 Nfd7 7. h4 Bb7 8. Nf3 c5 9. Bh3 Nc6 10. a3 Qb6 11. Qd2 Rc8 12. Bg4 Na5 13. b3 cxd4 14. exd4 Nc6 15. h5 Be7 16. Kf1 Qa5 17. Kg2 Nd8 18. b4 Qb6 19. Ne2 Bd6 20. g6 f5 21. Bh3 h6 22. Rhe1 Nf6 23. Ne5 Ne4 24. Qd3 O-O 25. f3 Nf6 26. Ng3 Qc7 27. Re2 Qc6 28. Nxc6 Bxf4 29. Ne7+ Kh8 30. Nxc8 Bxc8 31. Rae1 Bd7 32. a4 Bd6 33. c3 Ng8 34. axb5 Bxb5 35. Qc2 Rf6 36. Re5 Ne7 37. Kf2 Nec6 38. f4 Bxe5 39. fxe5 Rf8 40. Bf1 f4 41. Ne2 Ne7 42. Ng1 Ndc6 43. Bxb5 axb5 44. Qa2 Nf5 45. Qa6 Nce7 46. Qxe6 Rc8 47. Rc1 Ra8 48. Rc2 Ra7 49. Ne2 f3 50. Nf4 Ra8 51. Nxd5 Nxd5 52. Qxd5 Ra7 53. Qd8# 1-0


[Site "https://www.chess.com"]

[Event "Titled Tuesday Blitz May 16 Late 2023"]
[White "Grigorov, Grigor"]
[Black "ArtemDyachuk"]
[WhiteFideId "2907313"]
[WhiteElo "2510"]
[BlackElo "2497"]
[Result "1-0"]
[Round "03"]
[TimeControl "180+2"]
[Date "2023.05.16"]
[WhiteClock "0:00:44"]
[BlackClock "0:00:02"]

1. d4 Nf6 2. Nf3 e6 3. Bg5 d5 4. Nbd2 c5 5. e3 Nc6 6. c3 Be7 7. Bd3 O-O 8. O-O h6 9. Bh4 Nd7 10. Bg3 a6 11. Qe2 c4 12. Bc2 b5 13. e4 Nb6 14. e5 b4 15. Bf4 f6 16. exf6 Bxf6 17. Qe3 a5 18. Rae1 a4 19. a3 bxa3 20. bxa3 Qe7 21. Rb1 Nd7 22. Nxc4 Ba6 23. Nb6 Nxb6 24. Rxb6 Bxf1 25. Kxf1 Rfc8 26. Qd3 Qxa3 27. Qh7+ Kf7 28. Rb7+ Be7 29. Bg6+ Kf6 30. Be5+ 1-0


[Site "https://www.chess.com"]

[Event "Titled Tuesday Blitz May 16 Late 2023"]
[White "Sokolovsky, Yahli"]
[Black "Ezat, Mohamed"]
[WhiteFideId "2820242"]
[BlackFideId "10600906"]
[WhiteElo "2389"]
[BlackElo "2386"]
[Result "0-1"]
[Round "03"]
[TimeControl "180+2"]
[Date "2023.05.16"]
[WhiteClock "0:00:07"]
[BlackClock "0:01:15"]

1. b3 e5 2. Bb2 Nc6 3. e3 Bd6 4. d4 exd4 5. exd4 Nf6 6. d5 Ne5 7. Nf3 Qe7 8. Be2 Nxf3+ 9. gxf3 Be5 10. Nc3 d6 11. Qd2 Nh5 12. Nd1 Nf4 13. c4 Ng2+ 14. Kf1 Bh3 15. Kg1 Nf4 16. Ne3 Qg5+ 17. Ng4 Bxg4 18. Kf1 Bh3+ 19. Ke1 Bxb2 20. Qxb2 O-O 21. Kd1 Rfe8 22. Re1 Re5 23. Qd2 Rae8 0-1


[Site "https://www.chess.com"]

[Event "Titled Tuesday Blitz May 16 Late 2023"]
[White "Molenda, Marcin"]
[Black "Averjanov, Alexey"]
[WhiteFideId "1173065"]
[BlackFideId "14109867"]
[WhiteElo "2286"]
[BlackElo "2790"]
[Result "0-1"]
[Round "03"]
[TimeControl "180+2"]
[Date "2023.05.16"]
[WhiteClock "0:01:03"]
[BlackClock "0:00:40"]

1. e4 c6 2. Nc3 d5 3. Nf3 Bg4 4. h3 Bxf3 5. Qxf3 dxe4 6. Nxe4 Nd7 7. d4 Ngf6 8. g3 Nxe4 9. Qxe4 Nf6 10. Qd3 e6 11. Bg2 Be7 12. O-O O-O 13. b3 a5 14. Bb2 a4 15. c4 axb3 16. axb3 Qb6 17. Rxa8 Rxa8 18. Ra1 Rxa1+ 19. Bxa1 Qa5 20. Qc3 Bb4 21. Qb2 Ba3 22. Qa2 Bb4 23. Qxa5 Bxa5 24. Kf1 Kf8 25. Ke2 Ke7 26. Kd3 Kd6 27. f4 h5 28. Bf3 Be1 29. g4 hxg4 30. hxg4 Nd7 31. Bb2 Bb4 32. Bc1 g6 33. Be3 f5 34. c5+ Ke7 35. Kc4 Ba5 36. g5 Nb8 37. b4 Bc7 38. b5 Kd7 39. Bd2 Bd8 40. Kb4 Bc7 41. Ka4 Bd8 42. Ba5 Bxa5 43. Kxa5 Kc7 44. Bh5 gxh5 45. b6+ Kd8 0-1


[Site "https://www.chess.com"]

[Event "Titled Tuesday Blitz May 16 Late 2023"]
[White "FoxOnTheRun97"]
[Black "Mahdavi, Reza"]
[BlackFideId "12595926"]
[WhiteElo "2493"]
[BlackElo "2352"]
[Result "0-1"]
[Round "03"]
[TimeControl "180+2"]
[Date "2023.05.16"]
[WhiteClock "0:00:02"]
[BlackClock "0:00:50"]

1. d4 Nf6 2. Bg5 Ne4 3. h4 d5 4. Nd2 Nxd2 5. Qxd2 h6 6. Bf4 Bf5 7. e3 e6 8. f3 c5 9. g4 Bh7 10. Bd3 Bxd3 11. Qxd3 Nc6 12. c3 Bd6 13. Bxd6 Qxd6 14. f4 O-O-O 15. dxc5 Qxc5 16. O-O-O f6 17. Ne2 e5 18. Kb1 Rhe8 19. f5 Rd7 20. Rhg1 e4 21. Qd2 Ne5 22. Qd4 Qb5 23. Rg2 Nd3 24. Nc1 Nc5 25. g5 hxg5 26. hxg5 Qb6 27. gxf6 gxf6 28. Rg6 Rd6 29. Nb3 Nxb3 30. Qxb6 Rxb6 31. axb3 Re5 32. Rf1 Kd7 33. Rg7+ Re7 34. Rfg1 Rxb3 35. Kc2 Rb6 36. Rxe7+ Kxe7 37. Rg7+ Kd6 38. b3 Ke5 39. c4 dxc4 40. bxc4 Kxf5 41. Kc3 a5 42. Kd4 a4 43. Rh7 a3 44. Rh5+ Kg4 45. Ra5 Ra6 46. Rxa6 bxa6 47. Kc3 Kf5 48. Kb3 Ke5 49. Kxa3 Kd6 50. Kb4 Kc6 51. Ka5 Kc5 52. Kxa6 Kxc4 53. Kb6 Kd3 54. Kc5 Kxe3 55. Kd5 Kd3 0-1


[Site "https://www.chess.com"]

[Event "Titled Tuesday Blitz May 16 Late 2023"]
[White "Ladan, Nicholas"]
[Black "Yanchenko, Roman"]
[WhiteFideId "30918855"]
[BlackFideId "4137329"]
[WhiteElo "2167"]
[BlackElo "2491"]
[Result "0-1"]
[Round "03"]
[TimeControl "180+2"]
[Date "2023.05.16"]
[WhiteClock "0:00:00"]
[BlackClock "0:00:51"]

1. d4 d5 2. Nf3 Bf5 3. c4 c6 4. Qb3 Qb6 5. Qxb6 axb6 6. cxd5 Bxb1 7. Rxb1 cxd5 8. a3 e6 9. Bf4 b5 10. e3 b4 11. a4 Nc6 12. Bb5 f6 13. O-O Kd7 14. Rfc1 Bd6 15. Bxd6 Kxd6 16. Bxc6 bxc6 17. b3 Ra5 18. Ne1 Ne7 19. Nd3 Rb8 20. f4 Ng6 21. Rc2 Rb6 22. Rbc1 Nf8 23. Kf2 Nd7 24. Nc5 Ra7 25. Ke2 Nf8 26. Nd3 h5 27. Rc5 Nd7 28. a5 Rba6 29. Nxb4 Nxc5 30. dxc5+ Kc7 31. Nxa6+ Rxa6 32. Ra1 Kb7 33. Kd3 Ra8 34. b4 Ka6 35. Kc3 Re8 36. Rf1 e5 37. fxe5 Rxe5 38. Rf3 Kb5 39. Rg3 g5 40. Rf3 f5 41. Kd2 Ka6 42. h3 Kb5 43. Rf1 h4 44. Ra1 Ka6 45. Rf1 g4 46. hxg4 fxg4 47. Rf4 Re4 48. Rf6 Kb5 49. Rh6 g3 50. a6 Rxb4 51. a7 Ra4 52. Rxh4 Rxa7 53. Rg4 Ra2+ 54. Kd3 Rxg2 55. Kd4 Rg1 56. e4 g2 57. Ke5 Kxc5 58. Rg5 Kb6 59. Kd6 dxe4 60. Rg8 Rd1+ 0-1


[Site "https://www.chess.com"]

[Event "Titled Tuesday Blitz May 16 Late 2023"]
[White "Przybylski, Wojciech"]
[Black "Kuznetsov, Felix"]
[WhiteFideId "1117599"]
[BlackFideId "34147990"]
[WhiteElo "2222"]
[BlackElo "2281"]
[Result "1-0"]
[Round "03"]
[TimeControl "180+2"]
[Date "2023.05.16"]
[WhiteClock "0:00:13"]
[BlackClock "0:00:00"]

1. e4 c5 2. Nf3 Nc6 3. d4 cxd4 4. Nxd4 Nf6 5. Nc3 e6 6. Ndb5 Bc5 7. Nd6+ Ke7 8. Nxc8+ Rxc8 9. Bd3 h6 10. O-O a6 11. h3 Qc7 12. Kh1 Rhd8 13. f4 d5 14. e5 Ne4 15. Qe1 Nxc3 16. bxc3 Kf8 17. Bd2 b5 18. Qg3 d4 19. f5 Qxe5 20. Bf4 Qd5 21. fxe6 Qxe6 22. Rae1 Qd5 23. Be4 Qh5 24. Bc7 Rd7 25. Rf5 g5 26. Rxc5 Rdxc7 27. Qd6+ Kg8 28. Rxc6 Rxc6 29. Bxc6 dxc3 30. Rf1 1-0


[Site "https://www.chess.com"]

[Event "Titled Tuesday Blitz May 16 Late 2023"]
[White "Ivanisevic, Ivan"]
[Black "Ognean, Mihnea-Ionut"]
[WhiteFideId "912417"]
[BlackFideId "1232347"]
[WhiteElo "2592"]
[BlackElo "2215"]
[Result "1-0"]
[Round "03"]
[TimeControl "180+2"]
[Date "2023.05.16"]
[WhiteClock "0:00:51"]
[BlackClock "0:00:27"]

1. d4 g6 2. e4 Bg7 3. Nc3 d6 4. Nf3 a6 5. Be2 Nf6 6. O-O O-O 7. a4 Nc6 8. d5 Nb4 9. a5 c6 10. Be3 Nxe4 11. Nxe4 Nxd5 12. Bd2 f5 13. Nc3 Nf6 14. Bc4+ d5 15. Bb3 Ne4 16. Nxe4 fxe4 17. Ng5 Kh8 18. f3 h6 19. Nh3 Bxh3 20. gxh3 exf3 21. Rxf3 e5 22. Rxf8+ Qxf8 23. Qg4 Qd6 24. Rf1 Re8 25. Qh4 g5 26. Qh5 Qe6 27. Bxg5 Rg8 28. Kh1 e4 29. Rf6 1-0


[Site "https://www.chess.com"]